[Event "January 9 Late 2024"]
[Site "https://www.chess.com"]
[Date "2024.01.09"]
[Round "11"]
[White "Ferreira, Vitor Hugo Vieira"]
[Black "Manolache, Marius"]
[Result "0-1"]
[Board "46"]
[TimeControl "180+1"]
[WhiteFideId "2119765"]
[BlackFideId "1201530"]
[WhiteElo "2550"]
[BlackElo "2698"]
[WhiteTeam "BRA"]
[BlackTeam "ROU"]
[WhiteClock "0:00:35"]
[BlackClock "0:01:27"]

1. d4 Nf6 2. c4 d6 3. Nc3 e5 4. Nf3 Nbd7 5. g3 g6 6. Bg2 Bg7 7. O-O O-O 8. h3 Re8 9. e4 a5 10. Be3 c6 11. Qc2 Qe7 12. Rfe1 Qf8 13. Rad1 Bh6 14. c5 Bxe3 15. Rxe3 exd4 16. Rxd4 Nxc5 17. Qd2 b5 18. Rxd6 Ncxe4 19. Nxe4 Nxe4 20. Rxe4 Rxe4 21. Ng5 Re2 22. Qxe2 Qxd6 23. Qe8+ Qf8 24. Qxc6 Rb8 25. Bd5 Bb7 26. Qd7 Bxd5 27. Qxd5 Qe7 28. h4 h6 29. Ne4 Rd8 30. Qc6 Rd4 31. Nf6+ Kg7 32. Nd5 Qe1+ 33. Kh2 Qxf2+ 34. Kh3 Qf5+ 35. Kg2 Qxd5+ 0-1

[Event "January 9 Late 2024"]
[Site "https://www.chess.com"]
[Date "2024.01.09"]
[Round "11"]
[White "Martinez Ramirez, Lennis"]
[Black "Santos Flores, Alberto"]
[Result "1-0"]
[Board "47"]
[TimeControl "180+1"]
[WhiteFideId "3509079"]
[BlackFideId "3601234"]
[WhiteElo "2693"]
[BlackElo "2532"]
[WhiteTeam "CUB"]
[BlackTeam "ECU"]
[WhiteClock "0:00:54"]
[BlackClock "0:00:53"]

1. e4 e6 2. d4 d5 3. Nc3 Nf6 4. Bg5 Bb4 5. e5 h6 6. exf6 hxg5 7. fxg7 Rg8 8. a3 Bxc3+ 9. bxc3 Qf6 10. h4 gxh4 11. Qh5 Qxg7 12. Qxh4 Nc6 13. Ne2 Bd7 14. Nf4 Nxd4 15. cxd4 Qxd4 16. Rb1 Qc3+ 17. Kd1 Ba4 18. Bd3 e5 19. Qe7+ Kxe7 20. Nxd5+ Ke6 21. Nxc3 Bc6 22. Rh6+ Ke7 23. g3 Rh8 24. Rxh8 Rxh8 25. Ke2 f6 26. Be4 Bxe4 27. Nxe4 b6 28. g4 Rh4 29. f3 Rh2+ 30. Kd3 Ke6 31. Rg1 a5 32. g5 f5 33. Nc3 Kf7 34. g6+ Kg7 35. Nd5 Rh3 36. Ke2 Rh2+ 37. Kd1 Rh3 38. Ke2 Rh2+ 39. Kd3 Rh3 40. Nxc7 Rxf3+ 41. Kc4 Rxa3 42. Ne6+ Kg8 43. Rd1 Ra4+ 44. Kb3 Rb4+ 45. Kc3 1-0

[Event "January 9 Late 2024"]
[Site "https://www.chess.com"]
[Date "2024.01.09"]
[Round "11"]
[White "Sieciechowicz, Marcin"]
[Black "Pourkashiyan, Atousa"]
[Result "1-0"]
[Board "48"]
[TimeControl "180+1"]
[WhiteFideId "1130170"]
[BlackFideId "12502014"]
[WhiteElo "2690"]
[BlackElo "2518"]
[WhiteTeam "POL"]
[BlackTeam "USA"]
[WhiteClock "0:02:37"]
[BlackClock "0:00:47"]

1. d4 Nf6 2. Bf4 d5 3. e3 c5 4. c3 Nc6 5. Nd2 e6 6. Ngf3 Bd6 7. Bg3 O-O 8. Bd3 b6 9. e4 dxe4 10. Nxe4 Nxe4 11. Bxe4 Bb7 12. dxc5 Bxc5 13. Qa4 Na5 14. Rd1 Qe8 15. Bxh7+ Kxh7 16. Qh4+ Kg6 17. Qg5+ Kh7 18. Qh5+ Kg8 19. Ng5 Bxf2+ 20. Bxf2 1-0

[Event "January 9 Late 2024"]
[Site "https://www.chess.com"]
[Date "2024.01.09"]
[Round "11"]
[White "Pesotskiy, Mikhail"]
[Black "Vestby-Ellingsen, Mads"]
[Result "1-0"]
[Board "49"]
[TimeControl "180+1"]
[WhiteFideId "34164453"]
[BlackFideId "1520857"]
[WhiteElo "2516"]
[BlackElo "2680"]
[WhiteTeam "RUS"]
[BlackTeam "NOR"]
[WhiteClock "0:00:06"]
[BlackClock "0:00:01"]

1. d4 Nf6 2. c4 c5 3. d5 b5 4. cxb5 h5 5. Nc3 h4 6. e4 d6 7. h3 a6 8. Nf3 g6 9. Bg5 Bg7 10. bxa6 Bxa6 11. Bxa6 Nxa6 12. O-O Nd7 13. Bxh4 Ne5 14. Nxe5 Rxh4 15. Nc6 Qb6 16. Qe2 Kf8 17. a3 Nc7 18. Rab1 Bf6 19. e5 dxe5 20. Nxe5 Qd6 21. Ng4 Bxc3 22. bxc3 Nxd5 23. c4 Nf4 24. Qf3 Rb8 25. Rbd1 Qc7 26. Rfe1 Kg7 27. Ne5 Rd8 28. Rxd8 Qxd8 29. g3 Nxh3+ 30. Kg2 Ng5 31. Qe3 Qa8+ 32. f3 Rh5 33. g4 Rh6 34. Qxg5 f6 35. Qf4 Qb8 36. Nd3 Qb3 37. Rxe7+ Kg8 38. Qxf6 Qc2+ 39. Nf2 Qc3 40. Re8+ Kh7 41. Rh8# 1-0

[Event "January 9 Late 2024"]
[Site "https://www.chess.com"]
[Date "2024.01.09"]
[Round "11"]
[White "Kleiman, Jake"]
[Black "Nikologorsky, Matfei"]
[Result "1-0"]
[Board "50"]
[TimeControl "180+1"]
[WhiteFideId "2020041"]
[BlackFideId "24102474"]
[WhiteElo "2669"]
[BlackElo "2479"]
[WhiteTeam "USA"]
[BlackTeam "FID"]
[WhiteClock "0:00:45"]
[BlackClock "0:00:25"]

1. e4 c5 2. c3 d5 3. exd5 Qxd5 4. d4 Nf6 5. Nf3 e6 6. Na3 Nc6 7. Be3 cxd4 8. Nb5 Qd8 9. Nbxd4 Bd7 10. Bd3 Be7 11. O-O O-O 12. Qe2 Nd5 13. Bd2 g6 14. Rad1 Bf6 15. Rfe1 Qb6 16. Bh6 Rfe8 17. Nxc6 Bxc6 18. Ne5 Ba4 19. Rd2 Rad8 20. h4 Qc7 21. Ng4 Bh8 22. Bg5 Bg7 23. Bxd8 Rxd8 24. g3 h5 25. Ne5 Ne7 26. Nxf7 Kxf7 27. Qxe6+ Kf8 28. Bc4 Be8 29. Rde2 b5 30. Bb3 Rd7 31. Re3 Bh6 32. Qf6+ 1-0

[Event "January 9 Late 2024"]
[Site "https://www.chess.com"]
[Date "2024.01.09"]
[Round "11"]
[White "Joie, Sebastien"]
[Black "Sherman, Raem"]
[Result "1/2-1/2"]
[Board "51"]
[TimeControl "180+1"]
[WhiteFideId "650420"]
[BlackFideId "2822288"]
[WhiteElo "2475"]
[BlackElo "2668"]
[WhiteTeam "FRA"]
[BlackTeam "ISR"]
[WhiteClock "0:00:04"]
[BlackClock "0:00:08"]

1. d4 Nf6 2. c4 e6 3. Nc3 d5 4. Nf3 Be7 5. e3 O-O 6. Bd3 a6 7. a4 dxc4 8. Bxc4 b6 9. O-O Bb7 10. Qe2 Nbd7 11. e4 c5 12. e5 Nd5 13. Bxd5 exd5 14. e6 cxd4 15. Nxd4 Nc5 16. Rd1 Bf6 17. exf7+ Rxf7 18. Be3 Qe8 19. Rac1 Qe5 20. b4 Ne4 21. Nxe4 dxe4 22. Qg4 Raf8 23. Nf5 Kh8 24. Nd6 Re7 25. Bxb6 Bd5 26. Nf5 Be6 27. Rc5 Qb8 28. a5 Ref7 29. Qxe4 Bb3 30. Re1 Bg5 31. Nd4 Ba4 32. Rxg5 Rxf2 33. Rf5 R2xf5 34. Nxf5 Qc8 35. Qe5 Qxf5 36. Qxf5 Rxf5 37. Rd1 h6 38. Rd8+ Kh7 39. h3 Bb5 40. Rc8 Rf1+ 41. Kh2 Rb1 42. Bc5 h5 43. Rc7 Kg6 44. Bd4 Rxb4 45. Rxg7+ Kf5 46. Bb6 Rb2 47. Rh7 Kg6 48. Rh8 Bc6 49. Rg8+ Kf7 50. Rg5 Kf6 51. Rg3 Kf5 52. Rg8 Rc2 53. Rg7 Kf6 54. Bd4+ Kf5 55. h4 Rc4 56. Bb6 Rxh4+ 57. Kg1 Rc4 58. Rf7+ Kg6 59. Ra7 Rc1+ 60. Kh2 Bb5 61. Rc7 Rd1 62. Rc5 Rd2 63. Kh3 Ra2 64. Rc7 Bf1 65. Rc6+ Kf7 66. Kh4 Bxg2 67. Rc7+ Kg6 68. Rc5 Ra4+ 69. Kg3 Bf1 70. Rc6+ Kg5 71. Be3+ Kf5 72. Rc5+ Ke4 73. Bh6 Be2 74. Kf2 Bg4 75. Bg7 Ra2+ 76. Kg3 Ra3+ 77. Kh4 Rh3+ 78. Kg5 Rb3 79. Re5+ Kf3 80. Rc5 Ra3 81. Bf8 Ra4 82. Bd6 Rd4 83. Bc7 Ke4 84. Rc6 Rd5+ 85. Kh4 Be2 86. Rb6 Bb5 87. Re6+ Kf3 88. Rh6 Rc5 89. Bb6 Rc4+ 90. Kxh5 Be8+ 91. Kg5 Rg4+ 92. Kf6 Rc4 93. Ke7 Bb5 94. Rf6+ Ke4 95. Rd6 Ke5 96. Rd2 Re4 97. Kd8 Re1 98. Kc7 Re4 99. Kb8 Rc4 100. Ka7 Ke6 101. Re2+ Kd5 102. Rd2+ Ke6 103. Rd8 Ke7 104. Rd2 Ke6 1/2-1/2

[Event "January 9 Late 2024"]
[Site "https://www.chess.com"]
[Date "2024.01.09"]
[Round "11"]
[White "Haszon, David"]
[Black "Rosen, Eric"]
[Result "1-0"]
[Board "52"]
[TimeControl "180+1"]
[WhiteFideId "733610"]
[BlackFideId "2032562"]
[WhiteElo "2438"]
[BlackElo "2658"]
[WhiteTeam "HUN"]
[BlackTeam "USA"]
[WhiteClock "0:00:07"]
[BlackClock "0:00:07"]

1. d4 d5 2. Bf4 c5 3. e3 Nc6 4. Nf3 Nf6 5. Nbd2 e6 6. c3 cxd4 7. exd4 Nh5 8. Be3 Bd6 9. Bd3 Nf4 10. Bxf4 Bxf4 11. O-O O-O 12. Re1 Rb8 13. a4 a6 14. Ne5 Nxe5 15. dxe5 b5 16. axb5 axb5 17. Nf3 b4 18. Ra4 Bd7 19. Rxb4 Rxb4 20. cxb4 Qb6 21. Qc2 Qxb4 22. Bxh7+ Kh8 23. Bd3 Rc8 24. Qe2 Rb8 25. g3 Bh6 26. Rb1 Ba4 27. b3 Bc6 28. h4 Qg4 29. Ng5 Qxe2 30. Bxe2 Kg8 31. b4 Kf8 32. b5 Bd7 33. f4 f6 34. Nf3 Ke7 35. Kf2 Kd8 36. b6 f5 37. Nd4 g6 38. h5 gxh5 39. Bxh5 Bf8 40. Bf7 Bc5 41. Rd1 Ke7 42. Bh5 Rxb6 43. Kg2 Rb2+ 44. Kh3 Ra2 45. Nf3 Ra3 46. Rf1 Bc6 47. g4 fxg4+ 48. Kxg4 d4 49. Ng5 d3 50. Kh4 Bb5 51. Rb1 d2 52. Rxb5 Be3 53. Rb7+ Kd8 54. Nxe6+ Kc8 55. Rc7+ Kb8 56. Rd7 Ra4 57. Kg5 Kc8 58. Rd8+ Kb7 59. Rd3 Ra1 60. Rxe3 Rg1+ 61. Kf6 Rh1 62. Bf3+ Kb6 63. Rd3 Rh2 64. Be4 Kb5 65. f5 Kc4 66. Rd8 Re2 67. Bd3+ Kc3 68. Bxe2 Kc2 69. Bd1+ Kc1 70. Rxd2 Kxd2 71. Ke7 Ke3 72. f6 Ke4 73. Nc7 Kf5 74. e6 Kg6 75. f7 Kf5 76. f8=Q+ Ke5 77. Kd7 Kd4 78. Qf6+ Kc5 79. e7 Kb4 80. e8=Q Ka3 81. Qe3+ Ka2 82. Qa6+ Kb1 83. Qad3+ Ka1 84. Qc3+ Kb1 85. Qed3+ Ka2 86. Qdc2# 1-0

[Event "January 9 Late 2024"]
[Site "https://www.chess.com"]
[Date "2024.01.09"]
[Round "11"]
[White "Nita, Lucian"]
[Black "Al-Tarboush, Ward"]
[Result "0-1"]
[Board "53"]
[TimeControl "180+1"]
[WhiteFideId "1206923"]
[BlackFideId "7601450"]
[WhiteElo "2367"]
[BlackElo "2631"]
[WhiteTeam "ROU"]
[BlackTeam "NOR"]
[WhiteClock "0:01:40"]
[BlackClock "0:02:28"]

1. e4 e6 2. d3 d5 3. Nd2 Nf6 4. Ngf3 b6 5. Be2 Bb7 6. e5 Nfd7 7. d4 c5 8. c3 Nc6 9. O-O g5 10. g4 h5 11. h3 hxg4 12. hxg4 Be7 13. Kg2 Qc7 14. Rh1 O-O-O 15. a3 f6 16. Rxh8 Rxh8 17. exf6 Bxf6 18. Nf1 e5 19. dxe5 Ncxe5 20. Nxg5 d4+ 21. f3 d3 22. Bxd3 Bxg5 23. Bxg5 Bxf3+ 24. Qxf3 Nxf3 25. Kxf3 Ne5+ 26. Ke3 Rh3+ 0-1

[Event "January 9 Late 2024"]
[Site "https://www.chess.com"]
[Date "2024.01.09"]
[Round "11"]
[White "Brodsky, David"]
[Black "Rees, Ioan"]
[Result "1-0"]
[Board "54"]
[TimeControl "180+1"]
[WhiteFideId "2073250"]
[BlackFideId "1801236"]
[WhiteElo "2806"]
[BlackElo "2424"]
[WhiteTeam "USA"]
[BlackTeam "WLS"]
[WhiteClock "0:00:17"]
[BlackClock "0:00:14"]

1. b3 e5 2. Bb2 Nc6 3. Nf3 e4 4. Nd4 Nxd4 5. Bxd4 Nf6 6. e3 d5 7. c4 Be7 8. Nc3 c6 9. cxd5 cxd5 10. Bb5+ Bd7 11. Bxd7+ Qxd7 12. O-O O-O 13. f3 a6 14. Rc1 Rac8 15. Bxf6 Bxf6 16. fxe4 dxe4 17. Nxe4 Bb2 18. Rxc8 Rxc8 19. Qf3 Be5 20. d4 Bb8 21. Nc5 Qc7 22. g3 b6 23. Nxa6 Qe7 24. Nxb8 Rxb8 25. Rc1 h6 26. Kf2 b5 27. Qf5 Qe8 28. Rc7 b4 29. Kf3 Rd8 30. Qc5 Qe6 31. Qe7 Qf5+ 32. Kg2 Rf8 33. Qxb4 Qd3 34. Qe1 Qe4+ 35. Kg1 Ra8 36. a4 Rb8 37. Rc3 Rd8 38. Qd2 h5 39. Qd3 Qg4 40. d5 h4 41. Rc4 Qf3 42. Rf4 Qxd5 43. Rd4 1-0

[Event "January 9 Late 2024"]
[Site "https://www.chess.com"]
[Date "2024.01.09"]
[Round "11"]
[White "Lin, Bryan Enming"]
[Black "Dourerassou, Jonathan"]
[Result "1-0"]
[Board "55"]
[TimeControl "180+1"]
[WhiteFideId "30987121"]
[BlackFideId "628050"]
[WhiteElo "2586"]
[BlackElo "2784"]
[WhiteTeam "USA"]
[BlackTeam "FRA"]
[WhiteClock "0:01:23"]
[BlackClock "0:00:00"]

1. e4 d5 2. exd5 Qxd5 3. Nc3 Qd8 4. d4 g6 5. Nf3 Bg7 6. h3 Nf6 7. Bc4 O-O 8. O-O a6 9. a4 b6 10. Re1 Bb7 11. Bf4 e6 12. Bb3 Nc6 13. d5 exd5 14. Nxd5 Nxd5 15. Bxd5 Bxb2 16. Rb1 Bc3 17. Re3 Bg7 18. Bxc6 Bxc6 19. Qxd8 Rfxd8 20. Bxc7 Rdc8 21. Bxb6 Bxa4 22. Bd4 Bxc2 23. Rb7 Bf8 24. Ng5 Rd8 25. Bf6 Rd6 26. Be7 Rd1+ 27. Kh2 Bg7 28. Ba3 Bh6 29. Nxf7 Bxe3 30. fxe3 Rb1 31. Nh6+ Kh8 32. Rc7 Rb3 33. Bd6 Rxe3 34. Rxc2 Kg7 35. Rc7+ Kh8 36. Bc5 Re4 37. Ba3 Rb8 38. Nf7+ Kg8 39. Nh6+ Kh8 40. Bc1 a5 41. Bg5 Re6 42. Rf7 a4 43. Ra7 Rc8 44. Rxa4 Rf8 45. Ra7 Re2 46. Ng4 h5 47. Bf6+ 1-0

[Event "January 9 Late 2024"]
[Site "https://www.chess.com"]
[Date "2024.01.09"]
[Round "11"]
[White "Agibileg, Uurtsaikh"]
[Black "Pham, Le Thao Nguyen"]
[Result "0-1"]
[Board "56"]
[TimeControl "180+1"]
[WhiteFideId "4901606"]
[BlackFideId "12401226"]
[WhiteElo "2712"]
[BlackElo "2583"]
[WhiteTeam "MGL"]
[BlackTeam "VIE"]
[WhiteClock "0:00:08"]
[BlackClock "0:00:07"]

1. d4 d5 2. c4 c6 3. Nf3 Nf6 4. Nc3 a6 5. g3 dxc4 6. Bg2 b5 7. Ne5 Bb7 8. a4 Qc8 9. O-O e6 10. axb5 cxb5 11. d5 Bb4 12. dxe6 fxe6 13. Bh3 O-O 14. Bg5 Nc6 15. Nf3 Ne7 16. Nd4 Nf5 17. Bxf6 Rxf6 18. e4 Nxd4 19. Qxd4 Qc5 20. Qd7 Qc6 21. Qd4 Bc5 22. Qe5 Raf8 23. Nd1 Qxe4 24. Qxe4 Bxe4 25. Re1 Bf5 26. Bxf5 exf5 27. Kg2 f4 28. Nc3 fxg3 29. fxg3 Rf2+ 30. Kh3 R8f6 31. Ne4 Rh6+ 32. Kg4 Rg6+ 33. Kh3 Rf5 34. Nxc5 Rxc5 35. Re8+ Kf7 36. Rae1 Rf6 37. R8e7+ Kg6 38. Ra7 Rg5 39. Ree7 Kh6 40. Kh4 b4 41. g4 Rfg6 42. h3 Rc6 43. Re4 c3 44. bxc3 bxc3 45. Re1 c2 46. Rc1 Rb5 47. Rf7 Rb1 48. Rff1 Rxc1 49. Rxc1 a5 50. Kg3 a4 51. Kf4 a3 52. Kf5 Rc5+ 53. Kf4 a2 54. h4 a1=Q 55. Rxa1 c1=Q+ 56. Rxc1 Rxc1 57. h5 g5+ 58. Kf5 Rc4 0-1

[Event "January 9 Late 2024"]
[Site "https://www.chess.com"]
[Date "2024.01.09"]
[Round "11"]
[White "Banerjee, Supratit"]
[Black "Baziuk, Vladyslav"]
[Result "0-1"]
[Board "57"]
[TimeControl "180+1"]
[WhiteFideId "2410079"]
[BlackFideId "34107940"]
[WhiteElo "2581"]
[BlackElo "2664"]
[WhiteTeam "SCO"]
[BlackTeam "UKR"]
[WhiteClock "0:00:17"]
[BlackClock "0:00:29"]

1. e4 c5 2. c3 d5 3. exd5 Qxd5 4. d4 Nf6 5. Nf3 e6 6. Na3 Nc6 7. Be3 Be7 8. Nb5 Qd8 9. Be2 cxd4 10. Nbxd4 Bd7 11. O-O O-O 12. Re1 Nd5 13. Bd2 Bf6 14. h3 Qb6 15. Nb3 Rfd8 16. c4 Nde7 17. Qc2 Nf5 18. c5 Qc7 19. Rad1 Nfd4 20. Nfxd4 Nxd4 21. Nxd4 Bxd4 22. b4 Qg3 23. Be3 Bxe3 24. fxe3 Qxe3+ 25. Kh1 Bc6 26. Bf3 Rxd1 27. Qxd1 Bxf3 28. gxf3 Qg5 29. Re4 h5 30. Rd4 Qg3 31. Qf1 e5 32. Re4 Rd8 33. Re2 Rd3 34. Rf2 Rc3 35. b5 Rxc5 36. Rg2 Qxh3+ 37. Kg1 Qh4 38. Rd2 Qg5+ 39. Rg2 Qf4 40. Qd3 Qd4+ 41. Qxd4 exd4 42. Rd2 Rxb5 43. Rxd4 g6 44. Kg2 Rb2+ 45. Kg3 Rxa2 46. Rd7 Rb2 47. Rd8+ Kg7 48. Rb8 Rb4 49. f4 a5 50. Ra8 a4 51. Ra5 b5 52. Ra7 Rb3+ 53. Kh4 a3 54. f5 gxf5 55. Kxh5 b4 56. Ra6 Rb2 57. Kg5 a2 58. Kxf5 b3 59. Ke4 Rb1 60. Kd3 a1=Q 61. Rxa1 Rxa1 62. Kc3 Rb1 63. Kd2 Kg6 64. Kc3 f5 65. Kd2 Kg5 66. Kc3 Kg4 67. Kc4 f4 68. Kd5 Kg3 69. Kc6 f3 70. Kd6 f2 71. Ke7 f1=Q 72. Kd6 Qd3+ 73. Ke5 b2 74. Ke6 Re1+ 75. Kf6 b1=R 76. Kf7 Ra1 77. Kf6 Ra8 78. Kf7 Rh1 79. Kf6 Rhh8 80. Kf7 Kf4 81. Kf6 Ke4 82. Kf7 Kd5 83. Kf6 Kd6 84. Kf7 Kd7 85. Kf6 Ke8 86. Ke6 Qd8 87. Ke5 Ra5+ 88. Ke6 Rh6# 0-1

[Event "January 9 Late 2024"]
[Site "https://www.chess.com"]
[Date "2024.01.09"]
[Round "11"]
[White "Asish Panda"]
[Black "Annaberdiyev, Meylis"]
[Result "1-0"]
[Board "58"]
[TimeControl "180+1"]
[WhiteFideId "45012458"]
[BlackFideId "14000563"]
[WhiteElo "2576"]
[BlackElo "2661"]
[WhiteTeam "IND"]
[BlackTeam "TKM"]
[WhiteClock "0:00:06"]
[BlackClock "0:00:00"]

1. e4 c5 2. Nf3 Nc6 3. Bb5 g6 4. O-O Bg7 5. c3 Nf6 6. Re1 O-O 7. d4 d5 8. e5 Ne4 9. Nbd2 Qb6 10. Bxc6 Qxc6 11. Nxe4 dxe4 12. Nd2 cxd4 13. cxd4 Bf5 14. g4 Be6 15. Nxe4 Rfd8 16. Ng3 Rac8 17. Bg5 Qd7 18. h3 h6 19. Be3 Qd5 20. Ne2 Bd7 21. Nc3 Rxc3 22. bxc3 Bc6 23. f3 b5 24. Kf2 f6 25. Bf4 Kh7 26. Qe2 b4 27. cxb4 Qxd4+ 28. Qe3 Qxb4 29. exf6 exf6 30. Rad1 Re8 31. Qd2 Qa3 32. Rxe8 Qxf3+ 33. Ke1 Bxe8 34. Qe3 Qh1+ 35. Ke2 Qg2+ 36. Ke1 Bb5 37. Bg3 f5 38. Rc1 Qf1+ 39. Kd2 Qg2+ 40. Ke1 f4 41. Bxf4 Qh1+ 42. Kd2 Qg2+ 43. Kd1 Ba4+ 44. Ke1 Bb5 45. Rc7 Qh1+ 46. Kd2 Qg2+ 47. Kd1 1-0

[Event "January 9 Late 2024"]
[Site "https://www.chess.com"]
[Date "2024.01.09"]
[Round "11"]
[White "Sun, Rick"]
[Black "Yagupov, Igor"]
[Result "1-0"]
[Board "59"]
[TimeControl "180+1"]
[WhiteFideId "30909481"]
[BlackFideId "4113632"]
[WhiteElo "2647"]
[BlackElo "2574"]
[WhiteTeam "USA"]
[BlackTeam "RUS"]
[WhiteClock "0:00:03"]
[BlackClock "0:00:08"]

1. d4 d5 2. Nc3 Nf6 3. Bf4 a6 4. e3 e6 5. Nf3 b5 6. Bd3 Bb7 7. O-O Nbd7 8. Ne5 c5 9. Re1 Be7 10. Qf3 c4 11. Bf1 O-O 12. a3 Ne4 13. Nxe4 dxe4 14. Qh3 Nxe5 15. Bxe5 Bd6 16. Rad1 Qc7 17. Qg3 Bxe5 18. dxe5 Rad8 19. Rd6 Bd5 20. Rd1 f6 21. Rxd8 Rxd8 22. f3 f5 23. fxe4 Bxe4 24. Rd6 Bxc2 25. a4 Be4 26. Rxa6 Rd1 27. Qh4 h6 28. Qh5 Bd3 29. Qxd1 Qxe5 30. Bxd3 Qxe3+ 31. Kh1 cxd3 32. Rd6 bxa4 33. Rxd3 Qe4 34. h3 Kh7 35. Rf3 Qb4 36. Qe2 Qd6 37. Rf2 Kg6 38. Qd2 Qc6 39. Re2 Kf7 40. Qc3 Qd5 41. Rd2 Qe4 42. Qc2 Qe5 43. Re2 Qb5 44. Qd2 Kf6 45. Kg1 Qc5+ 46. Kh1 Qc6 47. Qc3+ Kf7 48. Qxc6 1-0

[Event "January 9 Late 2024"]
[Site "https://www.chess.com"]
[Date "2024.01.09"]
[Round "11"]
[White "Garakov, Mikhael"]
[Black "Zarnicki, Pablo"]
[Result "1-0"]
[Board "60"]
[TimeControl "180+1"]
[WhiteFideId "4169034"]
[BlackFideId "100137"]
[WhiteElo "2631"]
[BlackElo "2570"]
[WhiteTeam "RUS"]
[BlackTeam "ARG"]
[WhiteClock "0:00:58"]
[BlackClock "0:00:44"]

1. e4 e5 2. Nf3 Nf6 3. Nxe5 d6 4. Nf3 Nxe4 5. d4 d5 6. Bd3 Nc6 7. O-O Be7 8. c4 Nb4 9. Be2 O-O 10. Nc3 Be6 11. a3 Nxc3 12. bxc3 Nc6 13. cxd5 Bxd5 14. Be3 f5 15. c4 Bxf3 16. Bxf3 f4 17. Bd5+ Kh8 18. Bc1 Nxd4 19. Bb2 Bf6 20. Bxd4 Bxd4 21. Qxd4 c6 22. Rab1 b6 23. Rb3 cxd5 24. cxd5 f3 25. Rxf3 Rxf3 26. gxf3 Qd6 27. Re1 Rd8 28. Re5 h6 29. Qe4 Qxa3 30. h4 Qf8 31. Re6 b5 32. d6 Qf7 33. Re7 Qc4 34. Re8+ Rxe8 35. Qxe8+ Kh7 36. d7 Qc1+ 37. Kg2 Qh1+ 38. Kxh1 1-0

[Event "January 9 Late 2024"]
[Site "https://www.chess.com"]
[Date "2024.01.09"]
[Round "11"]
[White "Rama, Tejas"]
[Black "Dubnevych, Maksym"]
[Result "1/2-1/2"]
[Board "61"]
[TimeControl "180+1"]
[WhiteFideId "30907381"]
[BlackFideId "14184001"]
[WhiteElo "2630"]
[BlackElo "2560"]
[WhiteTeam "USA"]
[BlackTeam "UKR"]
[WhiteClock "0:00:59"]
[BlackClock "0:01:18"]

1. d4 Nf6 2. c4 e6 3. Nf3 Bb4+ 4. Bd2 Qe7 5. e3 Nc6 6. Bd3 Bxd2+ 7. Qxd2 d6 8. Nc3 O-O 9. O-O e5 10. Bc2 Re8 11. Rae1 Bg4 12. Ng5 h6 13. Nge4 Bf5 14. Nxf6+ Qxf6 15. Nd5 Qg6 16. Bxf5 Qxf5 17. Nxc7 exd4 18. Nxe8 Rxe8 19. exd4 Rc8 20. b3 d5 21. c5 Nd8 22. Re8+ Kh7 23. Rfe1 b6 24. b4 bxc5 25. dxc5 Rb8 26. a3 a5 27. b5 Rxb5 28. Rxd8 Rb1 29. Re8 Rb3 30. c6 g6 31. Qd4 Qh3 32. Qg7+ Kxg7 33. gxh3 Rg3+ 34. Kh1 Rg2 35. c7 Rg3 36. c8=R Rg2 37. Kxg2 a4 38. Red8 d4 39. Rxd4 h5 40. Rxa4 h4 41. Rxh4 g5 42. Ra4 g4 43. Rb4 f6 44. hxg4 f5 45. gxf5 Kh6 46. Rb5 Kh5 47. a4 Kh6 48. a5 Kh5 49. a6 Kh6 50. a7 Kh5 51. Rg8 Kh6 52. Rg3 Kh5 53. a8=R Kh6 54. f6 Kh7 55. f7 Kh6 56. f8=R Kh7 57. Rff3 Kh6 58. Rfa3 Kh7 59. f4 Kh6 60. f5 Kh7 61. f6 Kh6 62. f7 Kh7 63. f8=R Kh6 64. Rff1 Kh7 65. Re2 Kh6 66. Rea2 Kh7 67. Rfa1 Kh6 68. Rba5 Kh7 69. R5a4 Kh6 70. R8a5 Kh7 71. Rh3+ Kg7 72. Rg5+ Kf7 73. Rgg3 Ke7 74. Rhh4 Kd7 75. Rhg4 Kc7 76. h4 Kb7 77. h5 Kc7 78. h6 Kb7 79. Rg5 Kc7 80. Rb5 Kc6 81. Rgb3 Kc7 82. Rb7+ Kc6 83. Rba7 Kd6 84. Rb6+ Kc5 85. Rba6 Kb5 86. R6a5+ Kb6 87. R7a6+ Kb7 88. h7 Kc7 89. h8=R Kb7 90. Rh7+ Kb8 91. Rha7 Kc8 92. Kf3 Kb8 93. Ke4 Kc8 94. Kd5 Kb8 95. Kc6 Kc8 96. Rb7 Kd8 97. Kb6 Ke8 98. Ka7 Kf8 99. Ka8 Kg8 100. Rba7 Kh8 101. Rb7 Kg8 102. Rab6 Kf8 103. Rab5 Ke8 104. Rab4 Kd8 105. Rab3 Kc8 106. Rab2 Kd8 107. Rab1 Ke8 108. Kb8 Kf8 109. Rc1 Kg8 110. Rbc2 Kf8 111. Rbc3 Ke8 112. Rbc4 Kf8 113. Rbc5 Kg8 114. Rbc6 Kh8 115. Rbc7 Kg8 116. Kc8 Kf8 117. Rd1 Kg8 118. Rcd2 Kh8 119. Rcd3 Kg8 120. Rcd4 Kf8 121. Rcd5 Ke8 122. Rcd6 Kf8 123. Rcd7 Kg8 124. Kd8 Kh8 125. Re1 Kg8 126. Rde2 Kf8 127. Rde3 Kg8 128. Rde4 Kh8 129. Rde5 Kg8 130. Rde6 Kf8 131. Rde7 Kg8 132. Ke8 Kh8 133. Rf1 Kg8 134. Ref2 Kh8 135. Ref3 Kg8 136. Ref4 Kh8 137. Ref5 Kg8 138. Ref6 Kh8 139. Ref7 1/2-1/2

[Event "January 9 Late 2024"]
[Site "https://www.chess.com"]
[Date "2024.01.10"]
[Round "11"]
[White "Nouali, Mohamed"]
[Black "Janaszak, Dawid"]
[Result "0-1"]
[Board "62"]
[TimeControl "180+1"]
[WhiteFideId "5502462"]
[BlackFideId "1119206"]
[WhiteElo "2543"]
[BlackElo "2621"]
[WhiteTeam "TUN"]
[BlackTeam "POL"]
[WhiteClock "0:00:00"]
[BlackClock "0:00:42"]

1. e4 c5 2. Nf3 Nc6 3. d4 cxd4 4. Nxd4 g6 5. Nc3 Bg7 6. Be3 Nf6 7. Bc4 O-O 8. Bb3 Re8 9. O-O d6 10. h3 Na5 11. f4 b6 12. e5 Nxb3 13. axb3 dxe5 14. fxe5 Nd5 15. Qf3 Nxe3 16. Qxe3 Bb7 17. Rad1 Qc7 18. e6 f5 19. Ndb5 Qe5 20. Qf2 Red8 21. Rde1 Qc5 22. Qxc5 bxc5 23. Rd1 a6 24. Nc7 Rac8 25. Rd7 Bc6 26. Rxe7 Bf6 27. Rf7 Rf8 28. Rxf8+ Kxf8 29. N7d5 Bd4+ 30. Kh2 Re8 31. e7+ Kf7 32. Re1 h5 33. g3 g5 34. h4 gxh4 35. gxh4 Rg8 36. Rf1 Ke6 37. Re1+ Be5+ 38. Kh1 Bxd5+ 39. Nxd5 Kxd5 40. c4+ Ke6 41. b4 Re8 42. bxc5 Rxe7 43. b4 Kf6 44. c6 Bc7 45. b5 Rxe1+ 46. Kg2 axb5 0-1

[Event "January 9 Late 2024"]
[Site "https://www.chess.com"]
[Date "2024.01.09"]
[Round "11"]
[White "Urbina Perez, Juan Antonio"]
[Black "Zavgorodniy, Sergiy"]
[Result "1/2-1/2"]
[Board "63"]
[TimeControl "180+1"]
[WhiteFideId "2217368"]
[BlackFideId "14110148"]
[WhiteElo "2529"]
[BlackElo "2617"]
[WhiteTeam "ESP"]
[BlackTeam "UKR"]
[WhiteClock "0:00:04"]
[BlackClock "0:00:08"]

1. d4 d5 2. c4 dxc4 3. Nf3 Nf6 4. e3 e6 5. Bxc4 a6 6. O-O b5 7. Be2 Bb7 8. b3 Nbd7 9. Bb2 c5 10. dxc5 Bxc5 11. Nc3 O-O 12. Rc1 Qb6 13. Qd2 Rfd8 14. Rfd1 Ne5 15. Qe1 Nxf3+ 16. Bxf3 Bxf3 17. gxf3 Qb7 18. Qe2 Be7 19. Rxd8+ Rxd8 20. Rd1 Rc8 21. Rc1 h6 22. Nb1 Rd8 23. Rd1 Rc8 24. Rc1 Rxc1+ 25. Bxc1 Qc6 26. Bb2 Nd5 27. Qd1 Bf6 28. Qc1 Qb7 29. Bxf6 Nxf6 30. Kg2 Nd5 31. Qd2 Qe7 32. Nc3 Qg5+ 33. Kf1 Nxc3 34. Qxc3 Qd8 35. Ke2 Qa8 36. Qd3 g6 37. Qd7 h5 38. b4 Qb8 39. f4 Qb6 40. Qc8+ Kg7 41. Qc3+ Kh7 42. Qc5 Qb7 43. f3 Qd7 44. Qc3 Qd5 45. Qd2 Qc4+ 46. Kf2 Kg7 47. Qb2+ Kg8 48. Qd2 Kf8 49. Qd6+ Kg8 50. Qd2 Qc7 51. Ke2 Qc8 52. Kf2 Kh7 53. Kg2 Qc7 54. Kf2 Qe7 55. Qd4 Qh4+ 56. Kg2 Qe1 57. Qd7 Qe2+ 58. Kg3 Kg8 59. Qd8+ Kg7 60. Qd4+ Kh7 61. Qd7 h4+ 62. Kh3 Qxf3+ 63. Kxh4 Qh5+ 64. Kg3 Kg7 65. Qd4+ Kh7 66. Qd7 Qf5 67. e4 Qf6 68. h4 Kg7 69. e5 Qf5 70. Qd8 Qb1 71. Qf6+ Kg8 72. Qd8+ Kh7 73. Qf6 Qd3+ 74. Kg2 Qd2+ 75. Kg3 Kg8 76. Kf3 Qxb4 77. Qd8+ Kh7 78. Qf6 Kg8 79. h5 Qc3+ 80. Kf2 Qc2+ 81. Kg3 Qd3+ 82. Kf2 Qd2+ 83. Kg3 Qe3+ 84. Kh2 Qe2+ 85. Kg3 Qxh5 86. Qd8+ Kh7 87. Qc7 Qf5 88. Qb7 g5 89. fxg5 Qxg5+ 90. Kh3 Kg6 91. Qxa6 Qf5+ 92. Kg2 Qe4+ 93. Kh3 Qxe5 94. Qc8 Qf5+ 95. Kh2 Qe5+ 96. Kh3 Kg7 97. Qd8 Qf5+ 98. Kh2 Qc2+ 99. Kh3 Qc3+ 100. Kh2 Qb2+ 101. Kh3 Qf6 102. Qb8 Qf5+ 103. Kh2 Qc2+ 104. Kh3 Qxa2 105. Qe5+ Kg8 106. Qg5+ Kh7 107. Qh5+ Kg7 108. Qg5+ Kf8 109. Qd8+ Kg7 110. Qg5+ Kh7 111. Qh5+ Kg8 112. Qg5+ Kh8 113. Qh5+ Kg8 114. Qg5+ 1/2-1/2